AoeStats
← 白鹿城大兵WOLOLO

Fortress

509844407Analyzed
4v4 RM · 5d ago on Sep 28, 2026· 53m 52s· 8 players
Game mode
Random Map
Map size
Huge
Population
200
Speed
Normal
Resources
Standard
Victory
Conquest
Starting age
Dark Age
Ending age
Imperial Age
RankedLock teamsTeams togetherTeam positionsShared explorationLock speedFull tech treeHidden civsTurbo modeCheats
Victory
Defeat
🇨🇳 Bengalis · China
1667
+6
🇦🇺 Slavs · Australia
1446
+14
🇨🇳 Britons · China
1334
+17
1250
+33
🇫🇷 Bohemians · France
1411
-15
🇨🇳 Huns · China
1411
-15
🇨🇳 Mongols · China
1401
-15
🇬🇧 Saxons · United Kingdom
1357
-13
Oliver
7:52 Feudal Age
12:13 Castle Age
10:26 Double-Bit Axe
10:30 Horse Collar
13:17 Bow Saw
18:14 Loom
22:45 Wheelbarrow
23:22 Ballistics
23:31 Scale Mail Armor
23:41 Forging
24:00 Squires
28:22 Imperial Age
26:58 Heavy Plow
26:58 Pikeman
28:39 Gold Mining
28:39 Stone Mining
29:32 Conscription
28:34 Shield Wall
31:00 Fortified Wall
30:20 Halberdier
32:56 Masonry
33:48 Chemistry
32:41 Fletching
33:07 Chain Mail Armor
33:27 Iron Casting
35:04 Town Watch
38:06 Elite Varangian Guard
38:32 Arson
38:33 Gambesons
39:20 Plate Mail Armor
38:46 Bodkin Arrow
41:06 Hoardings
41:09 Bracer
41:17 Elite Hearth Troop
46:20 Caravan
52:02 Crossbowman
52:52 Thumb Ring
N4Th-.-
7:00 Feudal Age
10:47 Castle Age
9:29 Double-Bit Axe
13:28 Bow Saw
14:18 Horse Collar
16:12 Fervor
16:57 Loom
18:21 Wheelbarrow
18:05 Heavy Plow
21:03 Hand Cart
23:56 Imperial Age
22:47 Chemistry
22:02 Padded Archer Armor
22:10 Pikeman
22:50 Squires
22:51 Scale Mail Armor
23:01 Forging
23:18 Masonry
24:22 Chain Mail Armor
25:20 Iron Casting
24:06 Halberdier
25:10 Conscription
24:56 Wagenburg Tactics
25:31 Siege Engineers
26:17 Plate Mail Armor
28:28 Blast Furnace
28:41 Two-Man Saw
29:39 Leather Archer Armor
29:14 Fletching
29:46 Ballistics
30:11 Houfnice
31:57 Ring Archer Armor
31:18 Fletching
33:00 Murder Holes
33:35 Architecture
34:02 Bodkin Arrow
34:48 Bracer
46:07 Fortified Wall
46:42 Caravan
53:34 Elite Skirmisher
Mick...
7:40 Feudal Age
11:57 Castle Age
10:05 Double-Bit Axe
10:28 Horse Collar
11:07 Gold Mining
12:10 Scale Barding Armor
12:41 Heavy Plow
19:44 Chain Barding Armor
21:48 Bow Saw
23:24 Wheelbarrow
22:35 Loom
29:05 Imperial Age
26:51 Hand Cart
26:55 Forging
27:37 Gold Shaft Mining
27:18 Husbandry
27:29 Bloodlines
29:14 Fletching
29:24 Padded Archer Armor
29:17 Heavy Cavalry Archer
30:23 Parthian Tactics
31:27 Ballistics
32:08 Chemistry
31:35 Thumb Ring
32:36 Parthian Tactics
32:11 Bodkin Arrow
33:28 Bracer
34:00 Stone Mining
34:29 Leather Archer Armor
34:52 Plate Barding Armor
33:50 Elite Skirmisher
36:25 Iron Casting
35:53 Marauders
36:14 Conscription
35:43 Pikeman
36:24 Squires
36:09 Arson
36:26 Scale Mail Armor
38:02 Two-Man Saw
37:15 Halberdier
38:56 Chain Mail Armor
39:41 Blast Furnace
43:03 Elite Tarkan
45:14 Light Cavalry
45:47 Hussar
knife
7:14 Feudal Age
10:47 Castle Age
9:13 Double-Bit Axe
9:08 Horse Collar
12:29 Bow Saw
15:01 Heavy Plow
19:31 Wheelbarrow
20:42 Loom
21:14 Hand Cart
22:05 Gold Mining
22:06 Stone Mining
25:46 Imperial Age
23:23 Fletching
24:16 Gold Shaft Mining
24:04 Ballistics
24:28 Bodkin Arrow
25:53 Padded Archer Armor
25:56 Capped Ram
26:58 Bracer
28:24 Leather Archer Armor
27:57 Onager
27:57 Siege Ram
29:27 Fortified Wall
30:17 Chemistry
29:31 Siege Onager
29:31 Siege Ram
30:35 Scale Mail Armor
30:46 Forging
31:35 Husbandry
31:46 Bloodlines
31:53 Masonry
33:39 Drill
34:35 Heavy Scorpion
34:36 Siege Ram
38:15 Siege Engineers
42:54 Conscription
43:10 Hoardings
41:56 Elite Mangudai
42:36 Nomads
44:26 Caravan
Noob ai
7:04 Feudal Age
10:46 Castle Age
8:38 Double-Bit Axe
8:55 Horse Collar
11:54 Bow Saw
12:23 Heavy Plow
13:20 Wheelbarrow
20:00 Hand Cart
19:56 Loom
21:09 Gold Mining
24:05 Imperial Age
22:19 Scale Barding Armor
22:25 Forging
22:32 Detinets
22:48 Bloodlines
22:39 Husbandry
23:36 Gold Shaft Mining
23:51 Chain Barding Armor
24:11 Elite Boyar
24:46 Town Watch
26:02 Plate Barding Armor
27:00 Conscription
27:16 Iron Casting
27:41 Crop Rotation
28:31 Caravan
29:52 Coinage
31:06 Stone Mining
34:03 Blast Furnace
34:58 Banking
39:19 Fletching
43:01 Chemistry
42:08 Siege Engineers
43:13 Two-Man Saw
45:00 Ballistics
44:58 Man-at-Arms
45:38 Squires
45:40 Scale Mail Armor
45:36 Bodkin Arrow
45:42 Druzhina
46:37 Hoardings
46:45 Fortified Wall
46:45 Masonry
46:27 Long Swordsman
47:08 Two-Handed Swordsman
47:49 Champion
49:47 Chain Mail Armor
51:27 Plate Mail Armor
51:06 Padded Archer Armor
时尚
7:53 Feudal Age
11:55 Castle Age
10:02 Double-Bit Axe
11:22 Horse Collar
13:21 Bow Saw
13:12 Heavy Plow
17:25 Gold Mining
18:15 Wheelbarrow
18:01 Pikeman
18:34 Loom
19:26 Scale Mail Armor
26:54 Chain Mail Armor
27:43 Forging
29:07 Gold Shaft Mining
29:12 Fletching
29:57 Bodkin Arrow
30:54 Masonry
33:52 Imperial Age
33:00 Ballistics
34:36 Bracer
35:37 Chemistry
36:03 Yeomen
36:49 Architecture
36:56 Hoardings
37:24 Padded Archer Armor
37:10 Elite Longbowman
38:11 Conscription
38:25 Guilds
38:44 Stone Mining
38:38 Treadmill Crane
40:17 Plate Mail Armor
39:10 Halberdier
39:51 Squires
39:36 Arson
41:20 Two-Man Saw
40:09 Elite Longbowman
40:49 Warwolf
41:09 Caravan
42:00 Hand Cart
41:30 Town Watch
43:30 Iron Casting
43:10 Leather Archer Armor
44:03 Arrowslits
44:10 Guard Tower
45:58 Coinage
46:06 Keep
45:27 Murder Holes
46:11 Ring Archer Armor
47:34 Fortified Wall
47:20 Heated Shot
48:06 Banking
白鹿城大兵WOLOLO
8:04 Feudal Age
11:54 Castle Age
9:37 Horse Collar
10:45 Double-Bit Axe
12:57 Wheelbarrow
13:34 Bow Saw
18:50 Heavy Plow
20:28 Scale Mail Armor
20:39 Forging
20:56 Pikeman
26:54 Imperial Age
26:15 Hand Cart
26:00 Stone Mining
26:01 Gold Mining
26:57 Scale Barding Armor
27:09 Chain Mail Armor
27:30 Iron Casting
26:45 Cavalier
27:25 Husbandry
27:36 Bloodlines
26:52 Halberdier
27:32 Squires
30:43 Conscription
31:40 Two-Man Saw
30:29 Savar
32:18 Chemistry
38:43 Elite War Elephant
40:28 Coinage
40:08 Guilds
40:00 Caravan
43:59 Capped Ram
45:22 Banking
48:23 Siege Ram
King-WzRun
7:03 Feudal Age
10:51 Castle Age
9:06 Double-Bit Axe
9:45 Horse Collar
15:46 Loom
16:45 Wheelbarrow
17:52 Bow Saw
19:09 Hand Cart
24:29 Imperial Age
23:18 Fletching
23:41 Gold Mining
23:42 Stone Mining
24:30 Bodkin Arrow
24:36 Padded Archer Armor
25:45 Bracer
27:36 Leather Archer Armor
27:43 Ballistics
28:23 Chemistry
29:21 Ring Archer Armor
29:53 Chemistry
29:05 Bloodlines
28:55 Husbandry
29:51 Caravan
30:27 Town Watch
30:45 Husbandry
31:08 Conscription
30:53 Paiks
31:42 Guilds
32:28 Elite Elephant Archer
35:31 Two-Man Saw
34:32 Heavy Plow
35:03 Coinage
35:34 Siege Engineers
35:40 Masonry
37:47 Banking
40:55 Crop Rotation
41:01 Gold Shaft Mining
41:23 Onager
43:06 Mahayana
43:14 Mahayana
43:49 Architecture
43:39 Herbal Medicine
44:02 Siege Elephant
46:07 Scale Barding Armor
46:13 Forging
45:24 Elite Battle Elephant
Connection lost

Rejoining the realm…

Still unreachable

The connection could not be restored.

Session expired

The server has moved on; the page needs a fresh start.